AoeStats
← crtolino93

Arena

504194114Analyzed
4v4 RM · 29d ago on Sep 4, 2026· 22m 27s· 8 players
Game mode
Random Map
Map size
Large (8 player)
Population
200
Speed
Normal
Resources
Standard
Victory
Conquest
Starting age
Dark Age
Ending age
Imperial Age
RankedLock teamsTeams togetherTeam positionsShared explorationLock speedFull tech treeHidden civsTurbo modeCheats
Victory
Defeat
🇦🇺 Hindustanis · Australia
1280
+12
🇦🇺 Khmer · Australia
1226
+14
🇦🇺 Portuguese · Australia
1217
+15
🇦🇺 Cumans · Australia
1208
+15
🇨🇳 Bohemians · China
1266
-17
🇸🇮 Bengalis · Slovenia
1180
-14
🇨🇳 Hindustanis · China
1162
-13
🇬🇧 Britons · United Kingdom
1149
-12
crtolino93
0:49 Loom
10:08 Feudal Age
13:53 Double-Bit Axe
19:27 Castle Age
22:12 Fletching
AgEnT10101
0:28 Loom
10:56 Feudal Age
17:20 Castle Age
15:24 Double-Bit Axe
15:31 Stone Mining
15:34 Gold Mining
19:06 Padded Archer Armor
徽sir
10:52 Feudal Age
14:37 Castle Age
12:44 Double-Bit Axe
13:16 Horse Collar
15:54 Bow Saw
KEVINWEN
10:20 Feudal Age
11:36 Loom
15:28 Castle Age
14:06 Double-Bit Axe
14:58 Horse Collar
17:03 Bow Saw
18:10 Wheelbarrow
21:55 Scale Barding Armor
Fuzzy
9:47 Feudal Age
13:30 Fletching
17:35 Double-Bit Axe
22:19 Castle Age
michael
10:21 Loom
12:06 Feudal Age
13:38 Horse Collar
16:30 Castle Age
14:34 Double-Bit Axe
16:47 Forging
20:23 Bloodlines
thedok69
5:08 Loom
9:21 Feudal Age
11:00 Double-Bit Axe
17:33 Horse Collar
lazy sue
10:29 Feudal Age
11:09 Loom
15:28 Castle Age
14:04 Double-Bit Axe
16:32 Scale Barding Armor
19:28 Gold Mining
20:36 Horse Collar
21:29 Town Watch
Connection lost

Rejoining the realm…

Still unreachable

The connection could not be restored.

Session expired

The server has moved on; the page needs a fresh start.